Map: Interloper LE

Players

NeoSecond - Winner!

  • Race: Terran Terran
  • League: Diamond
  • Spawn Location: 5:00

A.I. 1 (Harder)

  • Race: Protoss Protoss
  • Spawn Location: 11:00

VOD

https://www.youtube.com/watch?v=ZTXOSCK_jeg

Description

BO for lower leagues - TvX

Time

  • Played on: Jan. 9, 2018, 4:11 p.m.
  • Length: 12:17
Show
View Real Time Build Order
Export as new Build Order

NeoSecond Terran - Winner!

Build Orders: MMM Bio 

Get SALT Encoding   

  12  0:01  SCV  
  13  0:13  SCV  
  14  0:17  Supply Depot  
  14  0:25  SCV  
  15  0:39  SCV  
  15  0:41  Barracks  
  16  0:47  Refinery  
  16  0:51  SCV  
  17  1:03  SCV  
  18  1:15  SCV  
  19  1:28  Orbital Command  
  19  1:30  Barracks Reactor  
  19  1:40  Command Center  
  19  1:50  Barracks  
  19  1:55  SCV  
  20  2:03  Supply Depot  
  20  2:06  Marine  
  20  2:07  Marine  
  22  2:11  SCV  
  23  2:19  Engineering Bay  
  23  2:24  SCV  
  23  2:26  Marine  
  23  2:27  Marine  
  26  2:36  SCV  
  27  2:37  Supply Depot  
  27  2:42  Barracks Tech Lab  
  27  2:44  Marine  
  27  2:45  Marine  
  27  2:48  SCV  
  30  2:54  Terran Infantry Weapons Level 1  
  30  3:02  Orbital Command  
  30  3:12  Marine  
  30  3:13  Combat Shields, Marine  
  30  3:14  Marine  
  30  3:17  SCV  
  34  3:29  SCV  
  34  3:30  Supply Depot, Marine x2  
  34  3:32  Marine  
  34  3:33  SCV  
  39  3:42  SCV  
  39  3:45  SCV  
  39  3:48  Marine x2  
  41  3:50  Marine  
  41  3:53  Supply Depot  
  41  3:54  SCV  
  45  3:57  SCV  
  46  4:06  SCV, Marine x2  
  46  4:09  SCV  
  50  4:14  Marine  
  51  4:18  SCV  
  51  4:21  Command Center, SCV  
  51  4:22  Supply Depot  
  51  4:24  Marine  
  53  4:26  Refinery  
  53  4:27  Marine  
  53  4:30  SCV  
  56  4:32  Stimpack  
  56  4:34  SCV  
  57  4:42  SCV  
  57  4:45  Supply Depot  
  58  4:46  SCV, Marine x2  
  58  4:47  Factory, Marine  
  58  4:49  Terran Infantry Armor Level 1  
  62  4:54  SCV  
  62  4:58  SCV  
  64  5:03  Supply Depot  
  64  5:04  Marine  
  64  5:06  SCV, Marine  
  64  5:07  Marine  
  64  5:10  SCV  
  60  5:18  SCV  
  57  5:21  Barracks  
  57  5:22  SCV, Marine  
  57  5:23  Marine  
  57  5:24  Marine  
  57  5:26  Supply Depot  
  60  5:30  Refinery, SCV  
  60  5:34  SCV  
  62  5:36  Armory  
  62  5:38  Factory Reactor  
  62  5:40  Engineering Bay, Marine  
  62  5:41  Marine  
  62  5:42  Starport, Marine  
  64  5:43  SCV  
  64  5:44  Orbital Command  
  64  5:46  SCV  
  67  5:55  SCV  
  68  5:58  SCV  
  68  6:01  Marine x3  
  72  6:07  SCV  
  72  6:09  Barracks Tech Lab  
  72  6:10  SCV  
  74  6:13  SCV, Barracks  
  75  6:19  SCV, Marine x3, Supply Depot  
  75  6:22  SCV  
  75  6:25  SCV  
  81  6:29  Marine  
  81  6:31  SCV  
  83  6:33  Medivac x2  
  83  6:35  SCV  
  83  6:36  Marine  
  83  6:37  SCV  
  90  6:44  Refinery, Supply Depot  
  90  6:45  SCV  
  90  6:46  Command Center  
  90  6:47  SCV  
  92  6:49  SCV  
  92  6:52  Marauder x2  
  97  6:54  Marine  
  97  6:55  Marine  
  97  6:57  SCV  
  100  7:02  Barracks  
  100  7:03  SCV x2, Medivac x2  
  100  7:05  Barracks  
  106  7:09  Supply Depot, SCV  
  106  7:13  Supply Depot  
  106  7:15  SCV  
  108  7:17  Marauder x2  
  108  7:18  Concussive Shells  
  112  7:24  Barracks Reactor  
  112  7:31  Marine x2  
  112  7:33  Medivac x2, Supply Depot  
  118  7:38  Barracks, Marauder x2  
  118  7:41  Refinery  
  122  7:45  SCV x2, Barracks  
  122  7:48  Marine x2  
  126  7:53  Barracks Reactor  
  126  7:57  Supply Depot  
  126  7:59  Orbital Command  
  126  8:03  Medivac x2  
  130  8:06  Marine, Marauder  
  130  8:07  Marauder  
  130  8:08  Marine x3  
  130  8:11  Barracks Reactor  
  138  8:17  Refinery  
  138  8:21  Supply Depot  
  138  8:24  Marine x2  
  138  8:26  Marine x3  
  143  8:27  Marine x2  
  143  8:33  Medivac, Terran Infantry Weapons Level 2  
  147  8:36  Barracks x2  
  147  8:37  Terran Infantry Armor Level 2  
  147  8:39  Barracks  
  147  8:40  Marine  
  148  8:42  Marine x2  
  148  8:44  Barracks, Marine x3  
  148  8:45  Barracks, Marine x2  
  155  8:49  Barracks  
  155  8:52  Supply Depot  
  155  8:57  Supply Depot x2  
  155  8:58  Supply Depot, Marine, Medivac  
  155  9:00  Marine x4  
  155  9:02  Marine x3  
  165  9:03  Medivac, Marauder  
  165  9:04  Marauder  
  171  9:15  Supply Depot  
  171  9:16  Marine  
  172  9:17  Marine  
  172  9:18  Marine  
  172  9:19  Marine x3  
  172  9:20  Marine x2  
  179  9:25  Marauder x2  
  179  9:28  Medivac  
  185  9:33  Medivac  
  187  9:38  Barracks  
  187  9:39  Marine x4  
  187  9:40  Marine x6  
  197  9:46  Marauder  
  195  9:58  Medivac  
  196  10:03  Medivac  
  191  10:08  Marauder  
  186  10:16  Marauder  
  186  10:17  Orbital Command  
  176  10:25  Barracks Reactor  
  176  10:29  Marauder  
  176  10:32  Command Center  
  182  10:38  Marauder  
  182  10:40  Medivac x2  
  182  10:42  Marine x11  
  195  10:49  Command Center  
  195  10:50  Marauder  
  195  10:52  Command Center  
  197  10:59  Marauder  
  197  11:00  Marine  
  199  11:23  Marine  
Show
View Real Time Build Order
Export as new Build Order

A.I. 1 (Harder) Protoss 

Build Orders: 1 Gate Expand 

Get SALT Encoding   

  12  0:00  Probe  
  13  0:13  Probe  
  14  0:20  Pylon  
  14  0:25  Probe  
  15  0:38  Probe  
  16  0:50  Probe  
  16  0:51  Gateway  
  17  1:11  Nexus  
  17  1:13  Probe  
  18  1:29  Pylon  
  18  1:31  Assimilator  
  18  1:38  Zealot  
  20  1:43  Cybernetics Core, Probe  
  21  1:56  Probe  
  22  2:07  Gateway  
  22  2:08  Probe  
  23  2:16  Assimilator  
  23  2:22  Stalker  
  25  2:24  Probe, Pylon  
  26  2:37  Probe  
  27  2:47  Probe  
  27  2:49  Probe  
  29  2:52  Adept  
  29  2:57  Warp Gate  
  31  2:59  Adept, Probe  
  31  3:02  Probe  
  35  3:11  Probe  
  36  3:14  Gateway  
  36  3:15  Probe  
  37  3:23  Zealot, Probe  
  40  3:35  Adept  
  42  3:48  Pylon  
  42  3:50  Sentry  
  42  3:53  Assimilator  
  44  4:02  Stalker  
  46  4:04  Probe  
  46  4:05  Probe  
  48  4:11  Stalker  
  48  4:16  Probe, Forge  
  51  4:22  Probe  
  52  4:25  Robotics Facility  
  52  4:38  Probe  
  52  4:40  Pylon  
  52  4:41  Probe  
  54  4:48  Protoss Ground Weapons Level 1  
  54  4:51  Probe  
  55  4:53  Probe  
  55  4:59  Zealot  
  58  5:03  Probe  
  58  5:06  Probe  
  58  5:09  Pylon  
  58  5:11  Zealot  
  52  5:15  Probe  
  49  5:23  Adept  
  49  5:30  Assimilator  
  49  5:34  Probe  
  49  5:35  Zealot  
  52  5:36  Probe  
  53  5:46  Probe  
  53  5:47  Adept  
  53  5:49  Pylon  
  56  5:50  Probe  
  57  5:58  Probe  
  57  5:59  Adept  
  57  6:02  Probe  
  61  6:10  Probe  
  62  6:12  Sentry  
  62  6:14  Probe, Pylon  
  65  6:22  Probe  
  65  6:24  Stalker  
  68  6:32  Probe  
  69  6:36  Probe, Immortal, Pylon  
  74  6:43  Protoss Ground Armor Level 1  
  74  6:48  Zealot  
  76  6:57  Photon Cannon  
  76  7:00  Zealot  
  78  7:01  Pylon  
  78  7:06  Photon Cannon  
  78  7:07  Pylon  
  78  7:10  Pylon  
  78  7:12  Adept  
  78  7:15  Stargate, Observer  
  81  7:24  Adept, Twilight Council  
  81  7:28  Forge  
  83  7:31  Photon Cannon  
  83  7:33  Photon Cannon  
  83  7:37  Adept, Observer  
  86  7:49  Stalker  
  88  8:01  Stalker  
  90  8:13  Immortal  
  94  8:25  Adept  
  96  8:37  Sentry  
  98  8:49  Stalker  
  98  8:50  Blink  
  100  9:02  Stalker  
  102  9:16  Void Ray, Warp Prism  
  106  9:20  Protoss Ground Weapons Level 2  
  106  9:21  Gateway  
  108  9:26  Robotics Facility, Nexus  
  108  9:30  Robotics Bay  
  108  9:36  Pylon  
  108  9:41  Stargate  
  107  9:52  Warp Prism  
  93  9:59  Void Ray, Probe  
  89  10:04  Fleet Beacon  
  89  10:10  Gateway  
  89  10:12  Warp Prism  
  89  10:13  Nexus  
  89  10:17  Zealot  
  61  10:27  Void Ray  
  63  10:28  Observer  
  62  10:37  Stalker  
  64  10:47  Stalker  
  64  10:49  Observer  
  67  10:57  Stalker  
  69  11:07  Stalker  
  69  11:09  Warp Prism  
  69  11:10  Warp Prism  
  63  11:12  Zealot  
  63  11:14  Zealot  
  63  11:16  Void Ray, Zealot  
  59  11:21  Zealot  
  27  11:32  Sentry  
  29  11:50  Probe  
  29  11:53  Stalker  
  26  11:56  Probe  
  26  11:59  Zealot  
  25  12:02  Zealot  
  25  12:03  Probe  
Tags
 
Composition
MMM Bio
League
Diamond
Matchup
PvT
Spawn Locations
Cross Positions
Add a new tag
Caveats
  • Supply blocks, unpowered buildings, or Contaminate may cause inaccurate times.
  • Supply counts are checked every 10 seconds.